 Dungeon Crawl Stone Soup version 0.29.1-15-g9cfb28693d (webtiles) character file.

Game seed: 5912284018214981451

8 protoss039 the Digger (level 2, 20/20 HPs)
             Began as a Demonspawn Earth Elementalist on Mar 12, 2023.
             Got out of the dungeon alive.
             The game lasted 00:00:17 (337 turns).

protoss039 the Digger (DsEE)                         Turns: 337, Time: 00:00:17

Health: 20/20      AC:  2    Str:  8    XL:     2   Next: 0%
Magic:  5/5        EV: 12    Int: 16    God:
Gold:   18         SH:  0    Dex: 13    Spells: 4/5 levels left

rFire   . . .      SeeInvis .   c - +0 quarterstaff
rCold   . . .      Faith    .   (shield currently unavailable)
rNeg    . . .      Spirit   .   a - +0 robe
rPois   .          Reflect  .   (helmet restricted)
rElec   .          Harm     .   (no cloak)
rCorr   .          Rampage  .   (no gloves)
Will    .....                   (no boots)
Stlth   ++........              (no amulet)
HPRegen 0.06/turn               (no ring)
MPRegen 0.09/turn               (no ring)

@: no status effects
A: antennae 1
a: no special abilities


You escaped.
You visited 1 branch of the dungeon, and saw 1 of its levels.

You collected 18 gold pieces.

Inventory:

Hand Weapons
 c - a +0 quarterstaff (weapon)
Armour
 a - a +0 robe (worn)
Scrolls
 d - a scroll of immolation {unknown}
Potions
 b - a potion of magic


   Skills:
 + Level 0.8 Fighting
 - Level 1.7 Dodging
 - Level 1.7 Stealth
 + Level 2.2 Spellcasting
 - Level 0.8 Transmutations
 + Level 2.9 Earth Magic


You had 4 spell levels left.
You knew the following spells:

 Your Spells              Type           Power      Damage    Failure   Level
a - Sandblast             Erth           22%        2d7       6%          1

Your spell library contained the following spells:

 Spells                   Type           Power      Damage    Failure   Level
 Passwall                 Tmut/Erth      5%         N/A       14%         2
 Stone Arrow              Conj/Erth      12%        3d7       32%         3
 Petrify                  Tmut/Erth      7%         N/A       67%         4


Dungeon Overview and Level Annotations

Branches:
Dungeon (1/15) Zot: 5659

Altars:


Innate Abilities, Weirdness & Mutations

You have a pair of small antennae on your head.


Message History

Key pressed, stopping explore.
No target in view!
A ball python comes into view.
A ball python is nearby!
A ball python is nearby!
The helpless ball python fails to defend itself.
You hit the ball python.
The ball python is moderately wounded.
The ball python closely misses you. x2; The ball python barely misses you.
The ball python closely misses you.
A ball python is nearby!
You closely miss the ball python.
The ball python is moderately wounded.
The ball python barely misses you. The ball python completely misses you.
The ball python barely misses you. The ball python closely misses you.
A ball python is nearby!
You sock the ball python!
You kill the ball python!
Key pressed, stopping explore.
No target in view!
No target in view!
A rat comes into view.
Found a book of Geomancy.
A rat is nearby!
The rat bites you.
A rat is nearby!
You thump the rat!
You kill the rat!
You have reached level 2!
Your demonic ancestry asserts itself...
A pair of antennae grows on your head!
Unknown command.
You see here a giant cockroach corpse.
There is an open door here.
You open the door.
There is an open door here.
There is an escape hatch in the floor here.
There is a staircase leading out of the dungeon here.
Are you sure you want to leave the Dungeon?
This will make you lose the game!
You have escaped!

.# ##...## ##.....†..# .##
#.....# #..#..# ..#
######.###'###.###.#
#.#####..'.....#)'.....'.#
.........#'#.#'#####.#+#.#
.....###.+.#.#.....#.#.+.#
...#.# ###.#.#.....#.#.#.#
..##.# #.###..>..###.#.#
#.##.# #.#.#..@..#.#.#.#
#.##.# +.#.#.....+.#...#
#.##.# #.#+#.#'#####.#'#.#
#.##.# #.......#†'.......#
#.###'###'###.#####
#............
#############


There were no monsters in sight!

Vanquished Creatures
  A bat (D:1)
  An endoplasm (D:1)
  2 giant cockroaches (D:1)
  A ball python (D:1)
  A kobold (D:1)
  2 rats (D:1)
8 creatures vanquished.

Notes
Turn   | Place    | Note
-------+----------+-------------------------------------------
     0 | D:1      | protoss039 the Demonspawn Earth Elementalist began the
                  | quest for the Orb.
     0 | D:1      | Reached XP level 1. HP: 13/13 MP: 3/3
   293 | D:1      | Gained mutation: You have a pair of small antennae on your
                  | head. [demonic ancestry]
   293 | D:1      | Reached XP level 2. HP: 18/20 MP: 5/5
   337 | D:$      | Got out of the dungeon alive.

Illustrated notes

Levels and vault maps discovered:
D:1:      shiori_arrival_maze, layout_loops_ring, chequers_serial_rivers_micro_c

Action                   || total
-------------------------++-------
Melee: Quarterstaff      ||    10
 Cast: Sandblast         ||     2
 Stab: Sleeping          ||     3
Dodge: Dodged            ||     9
